 Dungeon Crawl Stone Soup version 0.21-a0-348-ga060c75 (webtiles) character file.

38 4thArraOfDagon the Vexing (level 3, -1/29 HPs)
             Began as a Hill Orc Enchanter on Oct 6, 2017.
             Slain by a goblin
             ... wielding a +0 club
             ... led by Robin
              (3 damage)
             ... on level 3 of the Dungeon.
             The game lasted 00:02:59 (434 turns).

4thArraOfDagon the Vexing (Hill Orc Enchanter)       Turns: 434, Time: 00:03:01

Health: -1/29      AC:  2    Str: 10    XL:     3   Next: 43%
Magic:  3/5        EV: 12    Int: 16    God:
Gold:   18         SH:  0    Dex: 11    Spells: 2/5 levels left

rFire    . . .     SeeInvis .   a - +1 dagger
rCold    . . .     Gourm    .   (no shield)
rNeg     . . .     Faith    .   b - +0 robe
rPois    .         Spirit   .   (no helmet)
rElec    .         Reflect  .   (no cloak)
rCorr    .         Harm     .   (no gloves)
MR       .....                  (no boots)
Stlth    ++........             (no amulet)
HPRegen  0.09/turn              (no ring)
MPRegen  0.09/turn              (no ring)

@: no status effects
A: no striking features
a: no special abilities


You were on level 3 of the Dungeon.
You were not hungry.

You visited 1 branch of the dungeon, and saw 3 of its levels.

You collected 18 gold pieces.

Inventory:

Hand Weapons
 a - a +1 dagger (weapon)
Missiles
 f - 3 tomahawks of dispersal (quivered)
Armour
 b - a +0 robe (worn)
 l - a +0 ring mail
Scrolls
 e - a scroll of fear {unknown}
 h - a scroll of recharging {unknown}
 j - 2 scrolls of identify {unknown}
Books
 c - a book of Maledictions

   Spells                             Type                      Level
   a - Corona                         Hexes                        1
   b - Ensorcelled Hibernation        Hexes/Ice                    2
   c - Confuse                        Hexes                        3
   d - Tukima's Dance                 Hexes                        3
   e - Dazzling Spray                 Conjuration/Hexes            3
Comestibles
 d - a bread ration
 g - a royal jelly


   Skills:
 - Level 2.2 Fighting
 * Level 2.5 Short Blades
 - Level 1.5 Dodging
 - Level 2.4 Stealth
 - Level 1.5 Spellcasting
 - Level 3.0 Hexes


You had 2 spell levels left.
You knew the following spells:

 Your Spells              Type           Power        Failure   Level  Hunger
a - Corona                Hex            ##.....      6%          1    ##.....
b - Ensorcelled Hibernat  Hex/Ice        #.....       19%         2    ###....


Dungeon Overview and Level Annotations

Branches:
Dungeon (3/15)

Altars:

Annotations:
D:3 Natasha, Robin, Sigmund


Message History

You aren't carrying any potions.
Unknown command.
Unknown command.
Unknown command.
You aren't carrying any potions.
Okay, then.
As you read the scroll labeled POCRUE IKEICH, it crumbles to dust.
The creatures around you are filled with an inner flame!
It was a scroll of immolation.
Robin roars a battlecry!
The goblins go into a battle-frenzy!
The goblin closely misses you.
Unknown command.
As you read the scroll labeled APSEHO WEKKEEDGH, it crumbles to dust.
You hear a loud clanging noise!
It was a scroll of noise.
You hear a shout! x6
The centaur shoots an arrow.
The arrow hits you but does no damage. The goblin hits you with a club.
You die...

g.######.#....## #
#.#....# #
####.#...r.. #.
#...g........
##..###g#####......
........# .##...
#.......# #...###.#
#.....g@#
#..####g.hc%..# .
#.....### #.#.#.#
..#r. # ##...# . .#
. .#


You could see a centaur (inner flame), Robin (inner flame), Natasha (inner
flame), 2 goblins and a rat (inner flame).

Vanquished Creatures
  An adder (D:2)
  2 dart slugs (D:1)
  An orc (D:3)
  A giant cockroach (D:3)
  2 hobgoblins (D:2)
  7 kobolds
  3 bats
  2 frilled lizards
  3 goblins (D:1)
  5 rats
27 creatures vanquished.

Notes
Turn   | Place    | Note
-------+----------+-------------------------------------------
     0 | D:1      | 4thArraOfDagon the Hill Orc Enchanter began the quest for the Orb.
     0 | D:1      | Reached XP level 1. HP: 14/14 MP: 3/3
    87 | D:1      | Reached skill level 1 in Fighting
   123 | D:1      | Reached XP level 2. HP: 24/24 MP: 2/4
   128 | D:1      | Learned a level 2 spell: Ensorcelled Hibernation
   297 | D:2      | Reached XP level 3. HP: 23/29 MP: 1/5
   331 | D:3      | Noticed Sigmund
   428 | D:3      | Noticed Robin
   432 | D:3      | Noticed a centaur
   433 | D:3      | Noticed Natasha
   434 | D:3      | Slain by a goblin

Vault maps used:
D:1:      mrwooster_arrival_statue_3, st_stairs_11, moated_statue
D:2:      overflow_temple_1_default, first_bread
D:3:      trog_three_pillars_becter, uniq_robin, uniq_natasha, uniq_sigmund,
          uniq_crazy_yiuf_cottage

Skill      XL: |  1  2 |
---------------+-------+-----
Fighting       | 1 2 |  2.2
Short Blades   | 2 |  2.5
Dodging        | |  1.5
Stealth        | |  2.4
Spellcasting   | |  1.5
Hexes          | |  3.0

Action                   || total
-------------------------++-------
Melee: Dagger            ||    65
 Cast: Corona            ||     4
       Ensorcelled Hiber ||     6
  Use: Scroll            ||     2
 Stab: Sleeping          ||     8
Armor: Robe              ||    14
Dodge: Dodged            ||    38

Table legend:
 A = Spawn XP
 B = Non-spawn XP
 C = Spawn XP percentage of total XP
 D = Spawn monster count
 E = Non-spawn monster count
 F = Spawn count percentage of total count
 G = Total turns spent on level
                    A         B        C        D         E        F      G
               +---------+---------+-------+---------+---------+-------+---------
         Total |       0 |      55 |   0.0 |       0 |      27 |   0.0 |   434
               +---------+---------+-------+---------+---------+-------+---------
           D:1 |       0 |      23 |   0.0 |       0 |      14 |   0.0 |   221
           D:2 |       0 |      23 |   0.0 |       0 |       7 |   0.0 |   108
           D:3 |       0 |       9 |   0.0 |       0 |       6 |   0.0 |   105
               +---------+---------+-------+---------+---------+-------+---------
